 Dungeon Crawl Stone Soup version 0.28.0-53-g5a82cb258f (webtiles) character file.

Game seed: 10203963390870896043

1971 fictitious the Cleaver (level 9, -1/74 HPs)
             Began as a Minotaur Gladiator on June 3, 2022.
             Slain by a manticore (2 damage)
             ... on level 7 of the Dungeon.
             The game lasted 00:16:13 (6873 turns).

fictitious the Cleaver (Minotaur Gladiator)         Turns: 6873, Time: 00:16:14

Health: -1/74      AC: 14    Str: 24    XL:     9   Next: 0%
Magic:  8/8        EV:  9    Int: 11    God:
Gold:   303        SH:  5    Dex: 11    Spells: 8/8 levels left

rFire   . . .      SeeInvis .   a - +0 war axe
rCold   . . .      Faith    .   (no shield)
rNeg    . . .      Spirit   .   m - +0 chain mail
rPois   .          Reflect  +   k - +0 hat
rElec   .          Harm     .   (no cloak)
rCorr   .          Rampage  .   W - +0 pair of gloves
Will    .....                   w - +2 pair of boots
Stlth   ..........              C - amulet of reflection
HPRegen 0.22/turn               y - +6 ring of intelligence
MPRegen 0.11/turn               (no ring)

@: no status effects
A: horns 2, retaliatory headbutt
a: no special abilities


You were on level 7 of the Dungeon.
You visited 2 branches of the dungeon, and saw 8 of its levels.

You collected 303 gold pieces.

Inventory:

Hand Weapons
 a - a +0 war axe (weapon)
 j - a +1 dagger of protection
 x - a +2 vorpal hand axe
Missiles
 b - 121 stones
 d - 3 throwing nets
 i - 25 poisoned darts (quivered)
Armour
 c - a +0 leather armour
 k - a +0 hat (worn)
 m - a +0 chain mail (worn)
 n - the +1 robe of Iminile {rElec Int+7}
   (You found it on level 2 of the Dungeon)

   Int:       It affects your intelligence (+7).
   rElec:     It insulates you from electricity.
 w - a +2 pair of boots (worn)
 W - a +0 pair of gloves (worn)
Jewellery
 y - a +6 ring of intelligence (left hand)
 C - an amulet of reflection (around neck)
Wands
 H - a wand of paralysis (4)
Scrolls
 e - a scroll of fog
 g - a scroll of summoning {unknown}
 l - a scroll of noise {unknown}
 q - a scroll of acquirement {unknown}
 v - a scroll of amnesia {unknown}
 A - a scroll of immolation {unknown}
 B - a scroll of enchant armour {unknown}
Potions
 f - a potion of might {unknown}
 h - a potion of cancellation {unknown}
 o - a potion of mutation {!q}
 p - a potion of ambrosia {unknown}
 s - a potion of heal wounds {unknown}
 t - a potion of resistance {unknown}
 u - a potion of lignification {unknown}
 z - a potion of flight
 P - a potion of curing


   Skills:
 + Level 5.3 Fighting
 * Level 12.0 Axes
 - Level 2.0 Throwing
 + Level 4.6 Armour
 + Level 5.0 Dodging


You had 8 spell levels left.
You didn't know any spells.
Your spell library contained the following spells:

 Spells                   Type           Power      Damage    Failure   Level
 Ozocubu's Armour         Ice            0%         N/A       100%        3
 Ozocubu's Refrigeration  Ice            0%         4d5       100%        7


Dungeon Overview and Level Annotations

Branches:
Dungeon (7/15)             Temple (1/1) D:5

Altars:
Ashenzari
Cheibriados
Dithmenos
Elyvilon
Fedhas
Gozag
Hepliaklqana
Kikubaaqudgha
Makhleb
Okawaru
Qazlal
Ru
Sif Muna
Trog
Uskayaw
Vehumet
Wu Jian
Xom
Yredelemnul
Zin
The Shining One

Annotations:
D:6 Dowan, Duvessa


Innate Abilities, Weirdness & Mutations

You have a pair of horns on your head.
You reflexively headbutt those who attack you in melee.


Message History

You are too injured to fight recklessly!
You are too injured to fight recklessly!
You are too injured to fight recklessly!
There is a stone staircase leading up here.
Okay, then.
Okay, then.
As you read the scroll of identify, it crumbles to dust.
z - a potion of flight The manticore bites you.
The manticore claws you but does no damage. x2
As you read the scroll of identify, it crumbles to dust.
e - a scroll of fog The manticore closely misses you.
The manticore claws you! The manticore claws you.
* * * LOW HITPOINT WARNING * * *
Throw: 26 darts (poison)
Press: ? - help, Q - select action, (/) - cycle Shift-Dir - straight line, f - manticore
Aim: a manticore (lightly wounded, 70% to hit)
You throw a poisoned dart. The poisoned dart hits the manticore.
The manticore is lightly wounded.
The manticore bites you!
* * * LOW HITPOINT WARNING * * *
The manticore claws you!
* * * LOW HITPOINT WARNING * * *
You block the manticore's attack.
Press: ? - help, v - describe, . - travel
Here: a manticore (lightly wounded)
The floor.
Unknown command.
You hit the manticore.
The manticore is lightly wounded.
You hit the manticore.
You headbutt the manticore, but do no damage.
The manticore is lightly wounded.
The manticore bites you!
* * * LOW HITPOINT WARNING * * *
The manticore claws you.
You die...

#..# #..#
##..# #...#
#..## #..# .
###..# ..
..#..# ...
#.#@.# ...?
#.#H.#
.H...##.#..#
#......#...#
#?#.## #.#.#
#.#.# =.#.#
###.#


You could see a manticore.

Vanquished Creatures
  Prince Ribbit (D:7)
  4 water moccasins
  A sky beast (D:6)
  3 ogres
  2 kobold brigands
  A gnoll sergeant (D:6)
  2 scorpions
  A water moccasin skeleton (D:6)
  A howler monkey (D:5)
  2 bullfrog zombies
  A jelly (D:6)
  A hound (D:5)
  2 orc priests
  2 bullfrog skeletons (D:5)
  An orc wizard (D:6)
  A killer bee zombie (D:3)
  A hound skeleton (D:3)
  A howler monkey zombie (D:4)
  7 gnolls
  9 adders
  2 shadow imps (D:5)
  A white imp (D:4)
  2 worms
  2 dart slugs
  15 orcs
  8 bats
  8 endoplasms
  3 giant cockroaches
  14 hobgoblins
  4 jackals (D:4)
  13 kobolds
  5 quokkas
  4 ball pythons
  3 frilled lizards
  10 goblins
  8 rats
146 creatures vanquished.

Notes
Turn   | Place    | Note
-------+----------+-------------------------------------------
     0 | D:1      | fictitious the Minotaur Gladiator began the quest for the
                  | Orb.
     0 | D:1      | Reached XP level 1. HP: 18/18 MP: 0/0
   200 | D:1      | Reached skill level 4 in Axes
   259 | D:1      | Reached XP level 2. HP: 23/25 MP: 1/1
   452 | D:1      | Reached skill level 5 in Axes
   814 | D:1      | Reached XP level 3. HP: 30/30 MP: 2/2
   824 | D:1      | Found a faded altar of an unknown god.
  1769 | D:2      | Identified the +1 robe of Iminile {rElec Int+7}
  1788 | D:2      | Reached skill level 6 in Axes
  1788 | D:2      | Reached XP level 4. HP: 36/37 MP: 3/3
  3010 | D:3      | Reached skill level 7 in Axes
  3010 | D:3      | Reached XP level 5. HP: 42/42 MP: 4/4
  3338 | D:3      | Reached skill level 8 in Axes
  3545 | D:4      | Noticed an ogre
  3554 | D:4      | Killed an ogre
  3555 | D:4      | Reached XP level 6. HP: 50/50 MP: 5/5
  3796 | D:4      | Reached skill level 9 in Axes
  4100 | D:5      | Entered Level 5 of the Dungeon
  4247 | D:5      | Reached XP level 7. HP: 55/56 MP: 6/6
  4337 | D:5      | Reached skill level 10 in Axes
  4539 | D:5      | Found an ornate altar of the Wu Jian Council.
  4618 | D:5      | Found a staircase to the Ecumenical Temple.
  4644 | D:5      | Found a hazy altar of Hepliaklqana.
  4861 | D:5      | Reached skill level 1 in Armour
  5058 | Temple   | Entered the Ecumenical Temple
  5299 | D:6      | Found a blossoming altar of Fedhas.
  5414 | D:6      | Noticed Duvessa
  5418 | D:6      | Noticed Dowan
  5568 | D:5      | Reached XP level 8. HP: 60/66 MP: 7/7
  5711 | D:6      | Found an iron altar of Okawaru.
  5763 | D:6      | Reached skill level 11 in Axes
  6017 | D:6      | Identified the +3 dagger "Vaeti" {pain, Drain rElec rCorr
                  | Dex+2}
  6059 | D:6      | Found a sacrificial altar of Ru.
  6060 | D:6      | Found a radiant altar of Vehumet.
  6510 | D:6      | Reached skill level 5 in Fighting
  6615 | D:6      | Found a shadowy altar of Dithmenos.
  6616 | D:6      | Found a bloodstained altar of Trog.
  6618 | D:6      | Found a hide-covered altar of Uskayaw.
  6622 | D:6      | Found a shimmering altar of Xom.
  6624 | D:6      | Found a broken altar of Ashenzari.
  6783 | D:7      | Noticed Prince Ribbit
  6786 | D:7      | Killed Prince Ribbit
  6787 | D:7      | Reached skill level 12 in Axes
  6787 | D:7      | Reached skill level 5 in Dodging
  6787 | D:7      | Reached XP level 9. HP: 61/74 MP: 8/8
  6852 | D:7      | Noticed a manticore
  6873 | D:7      | HP: 1/74 [manticore (7)]
  6873 | D:7      | Slain by a manticore

Illustrated notes

Levels and vault maps discovered:
D:1:      dpeg_arrival_snail, layout_basic, ebering_ecumenical_altar_sacrificial
D:2:      layout_loops_ring, minmay_strange_pillars
D:3:      layout_loops_cross, minmay_goblin_outpost
D:4:      layout_cave_pools
D:5:      layout_loops_ring, nicolae_hepliaklqana_hazy_memory, kennysheep_mini,
          temple_statues, nrook_mini_backslash
D:6:      layout_loops_ring, okawaru_trees_2, nicolae_overflow_hidden_temple,
          nicolae_overflow_hallway_of_the_gods, kennysheep_generic_room_2,
          uniq_duvessa
D:7:      cheibrodos_fzero, layout_loops_ring, uniq_prince_ribbit1,
          uniq_menkaure, uniq_maggie
Temple:   jpeg_temple_alley_garden

Skill      XL: |  1  2  3  4  5  6  7  8 |
---------------+-------------------------+-----
Axes           | 4 5 6 7 8 9 10 12 | 12.0
Fighting       | 3 5 |  5.3
Armour         | 2 4 |  4.6
Dodging        | 5 |  5.0
Throwing       | |  2.0

Action                   |  1- 3 |  4- 6 |  7- 9 || total
-------------------------+-------+-------+-------++-------
Melee: War axe           |    75 |   143 |   139 ||   357
       Headbutt          |    17 |    20 |    22 ||    59
       Punch             |       |     2 |     2 ||     4
Throw: Stone             |    73 |    50 |     3 ||   126
       Dart              |       |     5 |    10 ||    15
Evoke: Wand              |       |       |     1 ||     1
  Use: Scroll            |       |     3 |     2 ||     5
       Potion            |       |       |     1 ||     1
 Stab: Paralysed         |       |       |     1 ||     1
Armor: Leather armour    |    13 |       |       ||    13
       Chain mail        |    12 |    95 |    55 ||   162
Dodge: Dodged            |    41 |    58 |    52 ||   151
Block: Other             |       |       |    22 ||    22
       Reflection        |       |       |     1 ||     1
